 Dungeon Crawl Stone Soup version 0.21-a0-94-gdd6ab6a (webtiles) character file.

63 sagitran the Covered (level 4, 0/32 HPs)
             Began as a Gnoll Wanderer on July 3, 2017.
             Succumbed to an adder's poison
             ... on level 1 of the Dungeon.
             The game lasted 00:10:09 (2250 turns).

sagitran the Covered (Gnoll Wanderer)               Turns: 2250, Time: 00:10:10

Health: 0/32       AC:  6    Str:  9 (10) XL:     4   Next: 10%
Magic:  4/7        EV: 10    Int: 14 (17) God:
Gold:   192        SH:  0    Dex:  8 (10) Spells: 4/7 levels left

rFire    . . .     SeeInvis +   i - +0 mace
rCold    . . .     Gourm    .   (no shield)
rNeg     . . .     Faith    .   c - +0 ring mail
rPois    .         Spirit   .   (no helmet)
rElec    .         Reflect  .   (no cloak)
rCorr    .         Harm     .   (no gloves)
MR       .....                  (no boots)
Stlth    ..........             (no amulet)
HPRegen  0.10/turn              m - ring of see invisible
MPRegen  0.10/turn              (no ring)

@: lethally poisoned (0 -> -6), very slightly contaminated, hasted, very quick
A: short attention span, fangs 1, strong nose
a: no special abilities


You were on level 1 of the Dungeon.
You were hungry.

You visited 1 branch of the dungeon, and saw 3 of its levels.

You collected 192 gold pieces.

Inventory:

Hand Weapons
 i - a +0 mace (weapon)
 j - a +0 spear
Missiles
 e - 15 bolts
 g - 81 stones (quivered)
Armour
 c - a +0 ring mail (worn)
Jewellery
 m - a ring of see invisible (left hand)
Scrolls
 k - 3 scrolls of fog
 o - 2 scrolls of magic mapping
Books
 a - a book of Minor Magic

   Spells                             Type                      Level
   a - Magic Dart                     Conjuration                  1
   b - Blink                          Translocation                2
   c - Call Imp                       Summoning                    2
   d - Slow                           Hexes                        2
   e - Conjure Flame                  Conjuration/Fire             3
   f - Mephitic Cloud                 Conjuration/Poison/Air       3
Comestibles
 b - a royal jelly
 f - a bread ration
 l - a meat ration


   Skills:
 + Level 1.4 Fighting
 + Level 0.9 Maces & Flails
   Level 4.8 Crossbows
 + Level 5.2 Armour
 + Level 2.5 Dodging
 + Level 0.4 Stealth
   Level 1.7 Shields
 + Level 2.1 Spellcasting
 + Level 3.7 Summonings
   Level 1.7 Evocations


You had 4 spell levels left.
You knew the following spells:

 Your Spells              Type           Power        Failure   Level  Hunger
a - Magic Dart            Conj           #...         52%         1    ##.....
b - Call Imp              Summ           ##......     19%         2    ###....


Dungeon Overview and Level Annotations

Branches:
Dungeon (3/15)

Altars:
Ashenzari
Qazlal


Innate Abilities, Weirdness & Mutations

You have a short attention span.
You have very sharp teeth.
Your uncanny sense of smell can sniff out nearby items.


Message History

* * * LOW HITPOINT WARNING * * *
You feel sick. The adder bites you but does no damage.
Your crimson imp closely misses the adder.
You miss the adder.
The adder is heavily wounded.
The adder bites you but does no damage.
You hit the adder.
You kill the adder!
You have reached level 4!
* * * LOW HITPOINT WARNING * * *
You feel sick.
You aren't carrying any potions.
As you read the scroll of immolation, it crumbles to dust.
The air around you briefly surges with heat, but it dissipates.
Blink to where?
Press: ? - help, Dir - move target cursor You are very lightly contaminated with residual magic.
As you read the scroll labeled LUONAF AKAH, it crumbles to dust.
It was a scroll of blinking.
You die...

........###...####.......##......
..........###.####...)..###......
........................###......
..####.....##........)..........#
..# ##..#.......#...)..........#
..# ##.##......................
.#######..............#..#......#
..##........ยง...................#
#..#.#######..5.@.....(..........
.................................
......#####........).##..........
.....## #......................
.....######......................
..................#...##..#.##..#
....###...##..#####.......#..##.#
####......##.## #....##.##.....
###..###.###.# #.#..##.#####.#


You could see a friendly crimson imp.

Vanquished Creatures
  An adder (D:1)
  2 dart slugs (D:2)
  4 bats
  3 giant cockroaches
  3 goblins
  A hobgoblin (D:1)
  7 jackals
  7 kobolds (D:1)
  2 quokkas (D:2)
  3 frilled lizards
  4 rats
37 creatures vanquished.

Vanquished Creatures (collateral kills)
  An adder (D:2)
  A hobgoblin (D:2)
  A jackal (D:2)
  A bat (D:2)
4 creatures vanquished.

Grand Total: 41 creatures vanquished

Notes
Turn   | Place    | Note
-------+----------+-------------------------------------------
     0 | D:1      | sagitran the Gnoll Wanderer began the quest for the Orb.
     0 | D:1      | sagitran set off with: a book of Minor Magic, a potion of lignification, a +0 ring mail, a +0 club, a bread ration
     0 | D:1      | Reached XP level 1. HP: 13/13 MP: 3/3
     2 | D:1      | Learned a level 1 spell: Magic Dart
   394 | D:1      | Reached skill level 4 in Armour
   431 | D:2      | Reached XP level 2. HP: 2/19 MP: 4/4
   711 | D:2      | Learned a level 2 spell: Call Imp
   718 | D:2      | Found a shattered altar of Ashenzari.
   751 | D:2      | Reached skill level 1 in Dodging
   814 | D:2      | Reached skill level 1 in Fighting
   814 | D:2      | Reached XP level 3. HP: 25/26 MP: 5/5
  1101 | D:2      | Found a stormy altar of Qazlal.
  1415 | D:2      | Reached skill level 5 in Armour
  1679 | D:1      | HP: 1/26 [jackal (3)]
  2245 | D:1      | HP: 1/26 [poisoned by an adder]
  2247 | D:1      | Reached XP level 4. HP: 2/32 MP: 4/7
  2250 | D:1      | Succumbed to an adder's poison

Vault maps used:
D:1:      dpeg_arrival_stone_temple_mockup, interstate_on_off, minmay_ruptured
D:2:      nicolae_ashenzari_panopticon, overflow_temple_1_default,
          uniq_crazy_yiuf_cottage

Skill      XL: |  1  2  3 |
---------------+----------+-----
Armour         | 4 5 |  5.2
Dodging        | 1 2 |  2.5
Fighting       | 1 |  1.4
Spellcasting   | 2 |  2.1
Maces & Flails | |  0.9
Crossbows      | |  4.8
Stealth        | |  0.4
Shields        | |  1.7
Summonings     | |  3.7
Evocations     | |  1.7

Action                   |  1- 3 |  4- 6 || total
-------------------------+-------+-------++-------
Melee: Short sword       |    57 |       ||    57
       Bite              |     5 |       ||     5
       Mace              |   102 |       ||   102
Throw: Stone             |    12 |       ||    12
 Cast: Call Imp          |     6 |       ||     6
       Magic Dart        |     6 |       ||     6
  Use: Potion            |     5 |       ||     5
       Scroll            |     5 |     2 ||     7
  Eat: Bread ration      |     1 |       ||     1
Armor: Skin              |    33 |       ||    33
       Ring mail         |   105 |       ||   105
Dodge: Dodged            |   146 |       ||   146
